 Dungeon Crawl Stone Soup version 0.31-a0-426-g3a05650e59 (webtiles) character file.

Game seed: 9009043892432724154

23023 bobarctor the Warmonger (level 12, -2/79 HPs)
             Began as a Demonspawn Venom Mage on July 30, 2023.
             Was a High Priest of Okawaru.
             Slain by a seven-headed hydra (3 damage)
             ... on level 3 of the Lair of Beasts.
             The game lasted 01:28:55 (14084 turns).

bobarctor the Warmonger (Demonspawn Venom Mage)    Turns: 14084, Time: 01:28:57

Health: -2/79      AC: 19    Str:  8    XL:     12   Next: 68%
Magic:  15/24      EV: 15    Int: 20    God:    Okawaru [*****.]
Gold:   493        SH:  0    Dex: 26    Spells: 8/28 levels left

rFire   . . .        H - +11 Screaming Sword {sonic wave}
rCold   . . .        i - orb {*Rage}
rNeg    . . .        o - +1 leather armour {Will+}
rPois   +            N - +0 hat of Privacy {Drain rCorr Dex+4 Stlth+}
rElec   .            k - +1 cloak
rCorr   +            w - +2 pair of gloves {infuse}
SInv    .            O - +2 pair of boots
Will    +....        p - amulet of regeneration
Stlth   +++++        S - +4 ring of protection
HPRegen 1.13/turn    Q - +6 ring of dexterity
MPRegen 0.19/turn

%: random rage (20%), infuse magic (1 MP)
@: very slightly contaminated, slowed, very slow
A: hooves 1, thin metallic scales 2, foul stench 2, spiny 2, frail 1, poison
resistance, evolution 1
a: Renounce Religion, Heroism, Finesse, Duel


You were on level 3 of the Lair of Beasts.
You worshipped Okawaru.
Okawaru was extremely pleased with you.
You visited 4 branches of the dungeon, and saw 16 of its levels.
You also visited: Sewer.

You collected 781 gold pieces.
You spent 288 gold pieces at shops.

Inventory:

Hand Weapons
 z - the +7 broad axe of the Thing {antimagic, rC+}
   (You found it on level 7 of the Dungeon)

   rC:        It protects you from cold.
 H - the +11 Screaming Sword (weapon) {sonic wave}
   (You found it on level 4 of the Dungeon)
 R - a +0 arbalest
 U - a +0 orcbow of flaming
Missiles
 a - 2 throwing nets
 e - 144 stones
 l - 6 atropa-tipped darts
 x - 18 curare-tipped darts
 F - 67 poisoned darts
 K - 6 boomerangs
Armour
 i - an orb of wrath (worn)
 k - a +1 cloak (worn)
 o - a +1 leather armour of willpower (worn)
 w - a +2 pair of gloves of infusion (worn)
 J - a scarf of invisibility
 N - the +0 hat of Privacy (worn) {Drain rCorr Dex+4 Stlth+}
   (You bought it in a shop on level 9 of the Dungeon)

   Dex:       It affects your dexterity (+4).
   rCorr:     It protects you from acid and corrosion.
   Drain:     It drains your maximum health when unequipped.
   Stlth:     It makes you more stealthy.
 O - a +2 pair of boots (worn)
 P - a scarf of shadows
 T - a +0 hat of willpower
Jewellery
 c - a +6 ring of strength
 g - a ring of resist corrosion
 h - a ring of positive energy
 p - an amulet of regeneration (around neck)
 E - a ring of protection from fire
 L - a ring of willpower
 M - a ring of protection from cold
 Q - a +6 ring of dexterity (right hand)
 S - a +4 ring of protection (left hand)
Wands
 f - a wand of acid (12)
 q - a wand of paralysis (11)
 s - a wand of mindburst (21)
Scrolls
 m - a scroll of silence
 n - 2 scrolls of enchant weapon
 r - 2 scrolls of fog
 t - 3 scrolls of teleportation
 v - a scroll of enchant armour
 y - a scroll of brand weapon
 C - 6 scrolls of fear
 D - a scroll of revelation
 G - 3 scrolls of identify
Potions
 b - 2 potions of magic
 d - a potion of berserk rage
 j - 6 potions of heal wounds
 u - 7 potions of curing
 A - a potion of enlightenment
 B - a potion of might
 I - 3 potions of brilliance


   Skills:
 + Level 6.0 Fighting
 + Level 9.6 Long Blades
 + Level 3.5 Armour
 + Level 4.9 Dodging
 + Level 6.7 Stealth
 * Level 8.8 Spellcasting
 + Level 3.8 Conjurations
 + Level 5.0 Necromancy
 * Level 0.1 Translocations
 + Level 2.3 Transmutations
 + Level 3.5 Air Magic
 + Level 6.1 Poison Magic
 * Level 9.8 Invocations


You had 8 spell levels left.
You knew the following spells:

 Your Spells              Type           Power      Damage    Failure   Level
a - Sting                 Tmut/Pois      100%       1d8       1%          1
b - Poisonous Vapours     Pois/Air       56%        N/A       2%          2
c - Mephitic Cloud        Conj/Pois/Air  26%        N/A       5%          3
d - Vampiric Draining     Necr           28%        2d8       4%          3
e - Passwall              Tmut/Erth      10%        N/A       11%         2
f - Teleport Other        Tloc           9%         N/A       32%         3
g - Dazzling Flash        Conj/Hex       32%        N/A       16%         3
h - Magic Dart            Conj           96%        1d7       2%          1
i - Blink                 Tloc           18%        N/A       16%         2

Your spell library contained the following spells:

 Spells                   Type           Power      Damage    Failure   Level
 Searing Ray              Conj           48%        2d6       3%          2
 Momentum Strike          Conj/Tloc      32%        3d8       8%          2
 Olgreb's Toxic Radiance  Pois           33%        N/A       9%          4
 Sandblast                Erth           16%        2d6       11%         1
 Slow                     Hex            32%        N/A       11%         1
 Lesser Beckoning         Tloc           18%        N/A       16%         2
 Stone Arrow              Conj/Erth      32%        3d9       16%         3
 Confusing Touch          Hex            8%         N/A       32%         3
 Gell's Gravitas          Tloc           9%         N/A       32%         3
 Inner Flame              Hex/Fire       8%         N/A       32%         3
 Ozocubu's Armour         Ice            8%         N/A       32%         3
 Agony                    Necr           28%        N/A       36%         5
 Fulminant Prism          Conj/Hex       8%         3d6       45%         4
 Cause Fear               Hex            4%         N/A       73%         4
 Silence                  Hex/Air        8%         N/A       82%         5
 Metabolic Englaciation   Hex/Ice        4%         N/A       97%         5
 Polar Vortex             Ice            4%         N/A       100%        9
 Simulacrum               Ice/Necr       Unusable   N/A       N/A         6

Dungeon Overview and Level Annotations

Branches:
Dungeon (11/15)            Temple (1/1) D:7            Lair (3/5) D:9
    Orc (1/2) D:9           Sewer (visited)
  Swamp: Lair:2-3    Shoals: Lair:2-3     Snake: Lair:2-3    Spider: Lair:2-3

Altars:
Ashenzari
Cheibriados
Dithmenos
Fedhas
Gozag
Hepliaklqana
Kikubaaqudgha
Makhleb
Nemelex Xobeh
Okawaru
Qazlal
Ru
Sif Muna
Trog
Uskayaw
Vehumet
Wu Jian
Xom
Yredelemnul

Shops:
D:9 ([


Innate Abilities, Weirdness & Mutations

You have large cloven feet.
You are mostly covered in thin metallic scales. (AC +3)
You sometimes emit foul miasma when damaged in melee.
You are mostly covered in sharp spines.
You are frail. (-10% HP)
Your system is resistant to poisons. (rPois)
You have hidden genetic potential.


Message History

Casting: Blink (safe; 16% risk of failure)
Confirm with . or Enter, or press ? or * to list all spells.
Aiming: Vampiric Draining (dangerous; 4% risk of failure)
Press: ? - help, Shift-Dir - straight line, f - seven-headed hydra
Aim: a seven-headed hydra (foul pestilence, lightly wounded)
You draw life force from the seven-headed hydra!
You feel life coursing into your body.
The yak bellows!
The water moccasin is struck by your spines.
The water moccasin bites you.
The seven-headed hydra is engulfed in dark miasma.
The seven-headed hydra seems to slow down.
The seven-headed hydra bites you.
* * * LOW HITPOINT WARNING * * *
The seven-headed hydra bites you.
* * * LOW HITPOINT WARNING * * *
The seven-headed hydra misses you.
The seven-headed hydra closely misses you.
The seven-headed hydra bites you.
* * * LOW HITPOINT WARNING * * *
The seven-headed hydra misses you. x2
The torpor snail bites the water moccasin!!
The water moccasin is killed!
Okawaru accepts your kill.
The yak is engulfed in dark miasma.
The yak is poisoned.
The yak closely misses you. The komodo dragon bites you!
* * * LOW HITPOINT WARNING * * *
The elephant tramples you.
* * * LOW HITPOINT WARNING * * *
You hold your ground!
You emit a cloud of foul miasma!
The elephant trunk-slaps you but does no damage.
The seven-headed hydra is engulfed in dark miasma.
The seven-headed hydra is poisoned.
The seven-headed hydra bites you but does no damage.
The seven-headed hydra closely misses you.
The seven-headed hydra bites you.
* * * LOW HITPOINT WARNING * * *
The seven-headed hydra barely misses you.
The seven-headed hydra misses you. The seven-headed hydra bites you.
You die...

##.<........
###.................
#...................
#.....P.............
#...................
###...........P......#
##....#..............##
##......#........Y..?...
../............w@l......
...............Y.D...... ....
...............#........ ....
...P.................... .....
..#P............Y....... ....P
..b.........#.P...............
................Y......#......
..............(.......#.......
......S<..Y....


You could see a seven-headed hydra (poisoned, slow), an elephant, a torpor snail
(confused), a komodo dragon and 3 yaks.

Vanquished Creatures
  Gastronok (D:10)
  A two-headed ogre (D:9)
  A skyshark (Lair:2)
  The ghost of Shard1697 the Cleaver, a novice AtGl of Lugonu (D:7)
  4 elephants (Lair:1)
  4 black mambas
  5 cane toads
  An unseen horror (D:11)
  A kobold demonologist (D:10)
  A rime drake (Lair:2)
  4 komodo dragons
  2 trolls (D:10)
  A polar bear (Lair:1)
  Grinder (D:3)
  3 blink frogs (Lair:2)
  A hornet (D:9)
  A spriggan (Lair:1)
  A shadow (D:10)
  Sigmund (D:3)
  3 wyverns
  A wraith (D:10)
  34 yaks
  A basilisk (Lair:1)
  2 acid dragons
  9 water moccasins
  5 black bears
  3 orc warriors
  8 wolves
  3 centaurs (D:10)
  2 ogres (D:5)
  A phantom (D:6)
  17 kobold brigands
  7 bullfrogs
  2 gnoll sergeants (D:10)
  5 scorpions
  8 wights
  9 killer bees
  3 howler monkeys (D:8)
  A jelly (D:6)
  5 hounds
  Crazy Yiuf (D:5)
  5 orc priests
  5 iguanas
  Ijyb (D:3)
  8 orc wizards
  5 gnolls (D:10)
  11 adders
  3 river rats (Sewer)
  A shadow imp (D:7)
  A worm (D:2)
  2 dart slugs (D:1)
  30 orcs
  10 ball pythons
  11 bats
  3 endoplasms
  11 giant cockroaches
  6 goblins
  4 hobgoblins
  2 jackals (Sewer)
  33 kobolds
  7 quokkas
  7 frilled lizards
  4 rats
335 creatures vanquished.

Notes
Turn   | Place    | Note
-------+----------+-------------------------------------------
     0 | D:1      | bobarctor the Demonspawn Venom Mage began the quest for the
                  | Orb.
     0 | D:1      | Reached XP level 1. HP: 13/13 MP: 3/3
   327 | D:1      | Gained mutation: You may rarely emit foul miasma when
                  | damaged in melee. [demonic ancestry]
   327 | D:1      | Reached XP level 2. HP: 19/19 MP: 1/5
   417 | D:1      | Learned a level 2 spell: Poisonous Vapours
   923 | D:1      | Reached XP level 3. HP: 18/24 MP: 6/6
  1518 | D:2      | Reached skill level 1 in Transmutations
  1545 | D:2      | Learned a level 3 spell: Mephitic Cloud
  1608 | D:2      | Got the Elucidation of the Exiled Artists
  1725 | D:2      | Found a faded altar of an unknown god.
  2064 | D:2      | Reached XP level 4. HP: 6/30 MP: 8/8
  2236 | D:2      | Found a broken altar of Ashenzari.
  2369 | D:3      | Noticed Ijyb
  2379 | D:3      | Killed Ijyb
  2380 | D:3      | Reached skill level 1 in Conjurations
  2382 | D:3      | Noticed Sigmund
  2432 | D:3      | Killed Sigmund
  2433 | D:3      | Reached skill level 1 in Air Magic
  2433 | D:3      | Gained mutation: You are partially covered in thin metallic
                  | scales. (AC +2) [demonic ancestry]
  2433 | D:3      | Reached XP level 5. HP: 35/35 MP: 3/10
  2433 | D:3      | Gained mutation: You sometimes emit foul miasma when
                  | damaged in melee. [demonic ancestry]
  2433 | D:3      | Reached XP level 6. HP: 41/41 MP: 3/11
  2559 | D:3      | Noticed Grinder
  2810 | D:3      | Learned a level 3 spell: Vampiric Draining
  3615 | D:4      | Reached skill level 1 in Necromancy
  3912 | D:4      | Reached XP level 7. HP: 46/46 MP: 3/12
  4100 | D:4      | Found the +11 Singing Sword {sonic wave}
  4227 | D:5      | Entered Level 5 of the Dungeon
  4525 | D:5      | Reached skill level 1 in Armour
  4560 | D:5      | Found a glowing drain.
  4574 | Sewer    | Entered a sewer
  4674 | Sewer    | Reached skill level 1 in Fighting
  4674 | Sewer    | Reached skill level 1 in Long Blades
  4739 | Sewer    | Reached XP level 8. HP: 54/54 MP: 14/14
  5802 | D:5      | Found a runed translucent door.
  5803 | D:5      | Noticed Crazy Yiuf
  5813 | D:5      | Killed Crazy Yiuf
  5971 | D:6      | Reached skill level 5 in Spellcasting
  6302 | D:6      | Found a radiant altar of Vehumet.
  6306 | D:6      | Found a shadowy altar of Dithmenos.
  6321 | D:6      | Found an iron altar of Okawaru.
  6325 | D:6      | Became a worshipper of Warmaster Okawaru
  6457 | D:7      | Gained mutation: You are mostly covered in thin metallic
                  | scales. (AC +3) [demonic ancestry]
  6457 | D:7      | Reached XP level 9. HP: 62/62 MP: 16/16
  6509 | D:7      | Found a runed translucent gate.
  6509 | D:7      | Found a runed translucent gate.
  6509 | D:7      | Found a runed translucent gate.
  6509 | D:7      | Noticed Shard1697's ghost (novice AtGl)
  6556 | D:7      | Found a staircase to the Ecumenical Temple.
  6586 | D:7      | Reached skill level 1 in Invocations
  6617 | Temple   | Entered the Ecumenical Temple
  7079 | D:7      | Killed Shard1697's ghost
  7079 | D:7      | Reached * piety under Okawaru
  7144 | D:7      | Reached ** piety under Okawaru
  7167 | D:7      | Identified the +7 broad axe of the Thing {antimagic, rC+}
  7459 | D:8      | Reached skill level 5 in Stealth
  7558 | D:8      | Reached *** piety under Okawaru
  7559 | D:8      | Reached skill level 5 in Long Blades
  7559 | D:8      | Gained mutation: You are partially covered in sharp spines.
                  | [demonic ancestry]
  7559 | D:8      | Reached XP level 10. HP: 46/70 MP: 14/19
  7601 | D:8      | Reached skill level 5 in Poison Magic
  8200 | D:8      | Reached skill level 5 in Invocations
  8220 | D:8      | Learned a level 2 spell: Passwall
  8321 | D:9      | Found Ajyl's Weapon Emporium.
  8328 | D:9      | Found a staircase to the Orcish Mines.
  8328 | D:9      | Found Aluse's Armour Emporium.
  8383 | D:9      | Bought the +0 hat of Privacy {Drain rCorr Dex+4 Stlth+} for
                  | 288 gold pieces
  8563 | D:9      | Reached **** piety under Okawaru
  8768 | D:9      | Noticed a two-headed ogre
  8772 | D:9      | Killed a two-headed ogre
  9000 | D:9      | Found a staircase to the Lair.
  9313 | Lair:1   | Entered Level 1 of the Lair of Beasts
  9346 | Lair:1   | Reached ***** piety under Okawaru
  9353 | Lair:1   | Upgraded the game from 0.31-a0-408-gb642c7f9a3 to
                  | 0.31-a0-426-g3a05650e59
  9388 | Lair:1   | Learned a level 3 spell: Teleport Other
  9467 | Lair:1   | Noticed a cane toad
  9475 | Lair:1   | Gained mutation: You have large cloven feet. [demonic
                  | ancestry]
  9475 | Lair:1   | Reached XP level 11. HP: 75/78 MP: 16/21
 10067 | Lair:1   | Received a gift from Okawaru
 10068 | Lair:1   | Reached skill level 5 in Fighting
 10321 | Lair:1   | Gained mutation: You are frail. (-10% HP) [potion of
                  | mutation]
 10321 | Lair:1   | Gained mutation: You have hidden genetic potential. [potion
                  | of mutation]
 10736 | Lair:1   | Learned a level 3 spell: Dazzling Flash
 10898 | Lair:2   | Gained mutation: You are mostly covered in sharp spines.
                  | [demonic ancestry]
 10898 | Lair:2   | Reached XP level 12. HP: 77/77 MP: 20/23
 11187 | Lair:2   | Learned a level 1 spell: Magic Dart
 11485 | Lair:3   | Noticed a seven-headed hydra
 11853 | D:3      | Killed Grinder
 12332 | Orc:1    | Entered Level 1 of the Orcish Mines
 12504 | D:10     | Entered Level 10 of the Dungeon
 12878 | D:10     | Received a gift from Okawaru
 12969 | D:10     | Found a sacrificial altar of Ru.
 13217 | D:10     | Gained mutation: Your system is resistant to poisons.
                  | (rPois) [hidden potential]
 13358 | D:10     | Noticed Gastronok
 13373 | D:10     | Killed Gastronok
 13374 | D:10     | Reached skill level 5 in Necromancy
 13524 | D:10     | Learned a level 2 spell: Blink
 14084 | Lair:3   | HP: 1/79 [seven-headed hydra (5)]
 14084 | Lair:3   | Slain by a seven-headed hydra

Illustrated notes

Levels and vault maps discovered:
D:1:      wheals_arrival_shading, layout_loops_corners, fountainhead
D:2:      layout_basic, chequers_ecumenical_altar_island, basic_altar
D:3:      layout_basic, minmay_cut_off, uniq_ijyb, uniq_sigmund, uniq_grinder
D:4:      old_forge, layout_cave_pools, supply_closet_lemuel
D:5:      layout_layer_cave, gup_sewer_entry_pipe, uniq_crazy_yiuf_cottage
D:6:      layout_rooms, minitemple
D:7:      layout_basic, minmay_temple_entry_grid, gammafunk_ghost_nasty_kobolds
D:8:      layout_cave_pools, due_unseen_surprise
D:9:      layout_loops_ring, david_lair_shrubbed, orc_david_3
D:10:     layout_irregular_city, nicolae_ru_sacrificial_ziggurat,
          nicolae_twisting_strands, minmay_door_square, minivault_26,
          statue_in_the_mist_lemuel, minmay_circle_x, uniq_gastronok
D:11:     nicolae_cairo_tiling_large, layout_irregular_city,
          nicolae_trove_entry_diagonal
Temple:   nicolae_temple_two_arcs
Lair:1:   layout_cave_pods, grunt_forest_large_clearings
Lair:2:   layout_roguey, infiniplex_staircase_pool, grunt_megastairs_2
Lair:3:   layout_cave_shapes, elwin_shoals_entry_stream,
          nicolae_spider_entry_orb_guardian, forest_entry_grove,
          lemuel_fruit_fields, infiniplex_staircase_pool_2, serial_bayou_shore_a
Orc:1:    layout_diamond_mine, gammafunk_ghost_cemetery

Skill      XL: |  1  2  3  4  5  6  7  8  9 10 11 12 |
---------------+-------------------------------------+-----
Stealth        | 2 3 4 5 6 |  6.7
Transmutations | 1 2 |  2.3
Conjurations   | 1 2 3 |  3.8
Dodging        | 2 3 4 |  4.9
Spellcasting   | 3 4 5 6 7 8 |  8.8
Air Magic      | 1 2 3 |  3.5
Poison Magic   | 4 5 6 |  6.1
Necromancy     | 1 2 3 4 5 |  5.0
Armour         | 1 2 3 |  3.5
Fighting       | 1 2 3 4 5 6 |  6.0
Long Blades    | 1 3 5 7 8 9 |  9.6
Invocations    | 4 6 8 9 |  9.8
Translocations | |  0.1

Action                     |  1- 3 |  4- 6 |  7- 9 | 10-12 || total
---------------------------+-------+-------+-------+-------++-------
  Melee: Club              |    39 |       |       |       ||    39
         Punch             |     1 |       |     1 |       ||     2
         Dagger            |    44 |    74 |     3 |       ||   121
         Double sword      |       |       |   178 |   269 ||   447
   Cast: Sting             |    23 |    17 |     6 |    12 ||    58
         Poisonous Vapours |     1 |     1 |     9 |    10 ||    21
         Mephitic Cloud    |     1 |     3 |    11 |    46 ||    61
         Vampiric Draining |       |       |     6 |     7 ||    13
         Passwall          |       |       |       |     2 ||     2
         Dazzling Flash    |       |       |       |     3 ||     3
         Magic Dart        |       |       |       |    12 ||    12
    Use: Scroll            |       |       |    14 |     9 ||    23
         Potion            |       |       |       |     1 ||     1
   Stab: Sleeping          |     3 |     2 |     7 |     9 ||    21
         Confused          |       |     4 |     3 |    17 ||    24
         Distracted        |       |       |       |     2 ||     2
         Invisible         |       |       |       |     1 ||     1
 Armour: Robe              |    14 |    25 |    38 |       ||    77
         Leather armour    |       |       |    22 |   105 ||   127
  Dodge: Dodged            |    64 |    48 |   145 |   231 ||   488

Table legend: (Time is in decaauts)
 A = Elapsed time spent in this place.
 B = Non-inter-level travel time spent in this place.
 C = Inter-level travel time spent in this place.
 D = Time resting spent in this place.
 E = Time spent auto-exploring this place.
 F = Levels seen in this place.
 G = Mean time per level.
                   A        B        C        D        E       F      G
               +--------+--------+--------+--------+--------+-----+--------+
         Total |  14711 |  13649 |   1062 |   2611 |   7429 |  17 |  865.4 |
       Dungeon |  11194 |  10307 |    887 |   1965 |   5758 |  11 | 1017.6 |
        Temple |     10 |     10 |      0 |      0 |      0 |   1 |   10.0 |
          Lair |   2587 |   2412 |    175 |    625 |   1083 |   3 |  862.3 |
  Orcish Mines |     20 |     20 |      0 |      0 |      0 |   1 |   20.0 |
         Sewer |    898 |    898 |      0 |     20 |    588 |   1 |  898.0 |
               +--------+--------+--------+--------+--------+-----+--------+

Top non-repeatable levels by time:
     D:1: 1583 daAuts
  Lair:1: 1549 daAuts
     D:9: 1490 daAuts
     D:3: 1300 daAuts
    D:10: 1225 daAuts
     D:5: 1223 daAuts
     D:8: 1100 daAuts
  Lair:2: 982 daAuts
     D:7: 939 daAuts
   Sewer: 898 daAuts
     D:4: 843 daAuts
     D:2: 836 daAuts
     D:6: 452 daAuts
    D:11: 198 daAuts
  Lair:3: 55 daAuts
